 Dungeon Crawl Stone Soup version 0.31-a0-840-g6d2ecbb638 (webtiles) character file.

Game seed: 17326229531975815926

162 BinkBink the Trooper (level 5, -3/47 HPs)
             Began as a Draconian Berserker on Sept 27, 2023.
             Was a Believer of Trog.
             Splashed by a jelly's acid (6 damage)
             ... on level 3 of the Dungeon.
             The game lasted 00:05:14 (2872 turns).

BinkBink the Trooper (Draconian Berserker)          Turns: 2872, Time: 00:05:15

Health: -3/47      AC: -3    Str: 27    XL:     5   Next: 19%
Magic:  5/5        EV: 12    Int:  6    God:    Trog [**....]
Gold:   84         SH:  0    Dex: 10    Spells: 4/4 levels left

rFire   x . .        a - +0 hand axe
rCold   + . .        (no shield)
rNeg    . . .        (body armour unavailable)
rPois   .            (helmet restricted)
rElec   .            (no cloak)
rCorr   .            (no gloves)
SInv    .            (no boots)
Will    .....        (no amulet)
Stlth   +            l - ring of ice
HPRegen 0.27/turn    (no ring)
MPRegen 0.09/turn

%: no passive effects
@: confused, corroded
A: AC +5, unfitting armour, cold-blooded, strong 2
a: Renounce Religion, Berserk, Trog's Hand


You were on level 3 of the Dungeon.
You worshipped Trog.
Trog was pleased with you.
You visited 1 branch of the dungeon, and saw 4 of its levels.

You collected 84 gold pieces.

Inventory:

Hand Weapons
 a - a +0 hand axe (weapon)
Jewellery
 l - a ring of ice (left hand)
Wands
 i - a wand of flame (6)
 j - a wand of roots (9)
Scrolls
 f - a scroll of revelation {unknown}
 g - a scroll of enchant armour {unknown}
 h - a scroll of amnesia {unknown}
 k - a scroll of noise {unknown}
Potions
 b - a potion of might {unknown}
 c - 3 potions of mutation
 d - a potion of invisibility {unknown}
 e - 2 potions of curing {unknown}


   Skills:
 + Level 4.6 Fighting
 + Level 4.2 Axes
 + Level 3.8 Dodging


You had 4 spell levels left.
You didn't know any spells.
Your spell library was empty.

Dungeon Overview and Level Annotations

Branches:
Dungeon (4/15)
 Temple: D:4-7

Altars:
Dithmenos
Kikubaaqudgha
Sif Muna
Vehumet
Xom

Annotations:
D:1 2 transporters


Innate Abilities, Weirdness & Mutations

Your plain brown scales are hard. (AC +5)
You cannot fit into any form of body armour.
You are cold-blooded and may be slowed by cold attacks.
Your muscles are very strong. (Str +8, Int/Dex -2)


Message History

The orc hits you from afar with a +0 trident.
The orc wizard casts a spell at you. You resist with some effort.
The jelly closely misses you.
You are too injured to fight recklessly!
You are too injured to fight recklessly!
You are too injured to fight recklessly!
You are too injured to fight recklessly!
The orc wizard points at you and mumbles some strange words.
The magic dart hits you!
* * * LOW HITPOINT WARNING * * *
The jelly closely misses you. The orc misses you.
You climb upwards.
There is a stone staircase leading down here.
The orc wizard casts a spell at you.
You are confused.
The jelly attacks as it pursues you! The jelly barely misses you.
You hit the orc wizard but do no damage.
The orc wizard is almost dead.
You hit the jelly.
Your hands burn!
* * * LOW HITPOINT WARNING * * *
The orc wizard casts a spell.
The orc wizard flickers and vanishes!
Deactivating autopickup; reactivate with Ctrl-A.
The jelly barely misses you.
You hit the jelly.
Your hands burn!
* * * LOW HITPOINT WARNING * * *
The jelly is heavily wounded.
You completely miss something. Something hits you.
* * * LOW HITPOINT WARNING * * *
The jelly misses you.
Unknown command.
You hit the jelly but do no damage.
Your hands burn!
* * * LOW HITPOINT WARNING * * *
The jelly is heavily wounded.
You completely miss something. Something hits you.
* * * LOW HITPOINT WARNING * * *
The jelly hits you.
* * * LOW HITPOINT WARNING * * *
The acid corrodes you!
You are splashed with acid.
You die...

....#.##.....##.##..#............
###........###..#..##............
...............#..##.............
..#####..........................
.## ##.8..##....####...........
##... ##.........##.............
#....#####..##)...##.###.....#...
....##⌠.⌠##...[J.>...###.########
....#.....#.#..{@.#####..#
._..#.._..#...###....##.##
...#.....#..(.#####.##.###
##....##.....####......#
####..).##..#.#......#....#
##.....##.....######......#
.##...##.8...## ###....#
..##'##......# #....#
.............# #....#


You could see a jelly.

Vanquished Creatures
  3 orc wizards (D:3)
  4 gnolls (D:2)
  3 worms
  A dart slug (D:3)
  3 orcs (D:3)
  An endoplasm (D:2)
  2 giant cockroaches
  4 goblins
  4 hobgoblins
  4 jackals
  6 kobolds
  3 quokkas
  5 ball pythons
  9 bats
  3 frilled lizards
  6 rats
61 creatures vanquished.

Notes
Turn   | Place    | Note
-------+----------+-------------------------------------------
     0 | D:1      | BinkBink the Draconian Berserker began the quest for the
                  | Orb.
     0 | D:1      | Reached XP level 1. HP: 19/19 MP: 1/1
   180 | D:1      | Reached XP level 2. HP: 23/26 MP: 2/2
  1029 | D:2      | Reached XP level 3. HP: 12/33 MP: 3/3
  1225 | D:2      | Found a faded altar of an unknown god.
  1334 | D:2      | Reached ** piety under Trog
  1335 | D:2      | Reached XP level 4. HP: 40/40 MP: 4/4
  1410 | D:2      | Found a radiant altar of Vehumet.
  2239 | D:3      | Found a large runed translucent door.
  2240 | D:3      | Found a large runed translucent door.
  2273 | D:3      | Found an ancient bone altar of Kikubaaqudgha.
  2282 | D:3      | Found a shimmering blue altar of Sif Muna.
  2345 | D:3      | Found a faded altar of an unknown god.
  2351 | D:3      | Found a shimmering altar of Xom.
  2407 | D:3      | Gained mutation: Your muscles are strong. (Str +4, Int/Dex
                  | -1) [potion of mutation]
  2407 | D:3      | Gained mutation: Your muscles are very strong. (Str +8,
                  | Int/Dex -2) [potion of mutation]
  2419 | D:3      | Reached XP level 5. HP: 13/47 MP: 5/5
  2596 | D:3      | Found a shadowy altar of Dithmenos.
  2872 | D:3      | Splashed by a jelly's acid

Illustrated notes

Levels and vault maps discovered:
D:1:      spicycebolla_arrival_transporter_tutorial, layout_basic,
          due_unseen_surprise
D:2:      layout_basic, basic_altar, shapermc_ecumenical_altar_ellora
D:3:      layout_rooms, mainiacjoe_overflow_paths,
          nicolae_overflow_ecumenical_swirl, jmf_multi_god_temple2,
          interstate_on_off, minmay_misc_feat_five
D:4:      layout_loops_ring, enter_ossuary_1, uniq_duvessa

Skill      XL: |  1  2  3  4 |
---------------+-------------+-----
Dodging        | 3 |  3.8
Fighting       | 4 |  4.6
Axes           | 4 |  4.2

Action                     |  1- 3 |  4- 6 || total
---------------------------+-------+-------++-------
  Melee: Hand axe          |   104 |   108 ||   212
         Tailslap          |     7 |    11 ||    18
         Punch             |       |     1 ||     1
 Invoke: Berserk           |       |     1 ||     1
    Use: Potion            |       |     1 ||     1
   Stab: Sleeping          |     2 |     2 ||     4
 Armour: Skin              |    72 |    74 ||   146
  Dodge: Dodged            |    90 |    72 ||   162

Table legend: (Time is in decaauts)
 A = Elapsed time spent in this place.
 B = Non-inter-level travel time spent in this place.
 C = Inter-level travel time spent in this place.
 D = Time resting spent in this place.
 E = Time spent auto-exploring this place.
 F = Levels seen in this place.
 G = Mean time per level.
                   A        B        C        D        E       F      G
               +--------+--------+--------+--------+--------+-----+--------+
         Total |   2907 |   2830 |     77 |      0 |   2324 |   4 |  726.8 |
       Dungeon |   2907 |   2830 |     77 |      0 |   2324 |   4 |  726.8 |
               +--------+--------+--------+--------+--------+-----+--------+

Top non-repeatable levels by time:
     D:2: 1138 daAuts
     D:1: 931 daAuts
     D:3: 819 daAuts
     D:4: 18 daAuts
